 Dungeon Sprint DCSS version 0.27-a0-1158-gaa87e14f67 (webtiles) character file.

Game seed: 5874682605960323859

947 rocky1 the Fighter (level 8, -9/139 HPs)
             Began as an Ogre Hunter on May 16, 2021.
             Was a Believer of Okawaru.
             Mangled by a death yak (17 damage)
             ... in the Dungeon (Sprint VII: "The Pits").
             The game lasted 00:06:21 (875 turns).

rocky1 the Fighter (Ogre Hunter)                     Turns: 875, Time: 00:06:22

Health: -9/139     AC:  3    Str: 18    XL:     8   Next: 13%
Magic:  11/13      EV: 13    Int: 12    God:    Okawaru [**....]
Gold:   0          SH:  0    Dex: 10    Spells: 7/7 levels left

rFire    . . .     SeeInvis .   o - +0 mace (vorpal)
rCold    . . .     Faith    .   (no shield)
rNeg     . . .     Spirit   .   b - +0 robe
rPois    .         Reflect  .   (helmet restricted)
rElec    .         Harm     .   (no cloak)
rCorr    .         Rampage  .   (gloves unavailable)
Will     .....     NoTele   +   (boots unavailable)
Stlth    ..........             (no amulet)
HPRegen  0.33/turn              (no ring)
MPRegen  0.13/turn              (no ring)

@: berserking (expiring), heroic, very quick
A: large, unfitting armour, tough skin 1
a: Renounce Religion, Heroism


You were in the Dungeon.
You worshipped Okawaru.
Okawaru was pleased with you.
You visited 1 branch

Inventory:

Hand Weapons
 a - a +0 giant spiked club
 n - a +2 short sword of venom
 o - a +0 vorpal mace (weapon)
 p - a +0 hand axe of freezing
Missiles
 c - 4 large rocks (quivered)
 d - 2 throwing nets
Armour
 b - a +0 robe (worn)
Scrolls
 j - a scroll of blinking
 l - 5 scrolls of amnesia
 m - a scroll of summoning
Potions
 e - 5 potions of curing
 f - 4 potions of heal wounds
 g - a potion of haste
 h - 4 potions of magic
 i - a potion of berserk rage
 k - 2 potions of invisibility


   Skills:
 + Level 9.8(14.8) Fighting
 - Level 1.3(6.3) Short Blades
 + Level 9.2(14.2) Maces & Flails
 + Level 8.1(13.1) Throwing
 + Level 6.8(11.8) Dodging
 - Level 0.6(5.6) Stealth
 + Level 7.2 Invocations


You had 7 spell levels left.
You didn't know any spells.
Your spell library was empty.

Dungeon Overview and Level Annotations

Branches:
Dungeon (1/1)

Altars:
Ashenzari
Cheibriados
Dithmenos
Elyvilon
Fedhas
Gozag
Hepliaklqana
Kikubaaqudgha
Makhleb
Nemelex Xobeh
Okawaru
Qazlal
Ru
Sif Muna
Trog
Uskayaw
Vehumet
Wu Jian
Xom
Yredelemnul
Zin
The Shining One
Beogh
Jiyva
Lugonu


Innate Abilities, Weirdness & Mutations

You are too large for most types of armour.
You have tough skin. (AC +1)


Message History

You sock the demonic crawler!
You kill the demonic crawler!
Okawaru is honoured by your kill.
Your base Maces & Flails skill increases to level 9!
Your base Throwing skill increases to level 8!
Your Invocations skill increases to level 7!
You have reached level 8!
The death yak gores you!
There is an open door, spattered with blood here.
Things that are here:
a bat corpse; a river rat corpse; a kobold corpse You hit the death yak but do no damage.
You thump the death yak!
The death yak is moderately wounded.
The death yak gores you!!
* * * LOW HITPOINT WARNING * * *
You completely miss the death yak.
The death yak is moderately wounded.
You hit the death yak but do no damage.
The death yak is moderately wounded.
The death yak closely misses you.
You sock the death yak!
The death yak is heavily wounded.
You hit the death yak but do no damage.
The death yak is heavily wounded.
The death yak gores you.
* * * LOW HITPOINT WARNING * * *
A phantom comes into view.
You hit the death yak but do no damage.
The death yak is heavily wounded.
You barely miss the death yak.
The death yak is heavily wounded.
The death yak gores you!
* * * LOW HITPOINT WARNING * * *
You bludgeon the death yak!!
The death yak is severely wounded.
You hit the death yak but do no damage.
The death yak is severely wounded.
The death yak gores you!
You die...

#.#..'...'.##.......#
#.#..########...<...#
#.#.)'.).)[##.......#
#.#..#.)))[##.......#
#'###########.......#
#.......#..##########
#..###..#.##
#.......#.#
##.###.##@#
#.......#Y'....+
#..###..#'#....#
#.......'†#....#
########### ####


You could see a death yak.

Vanquished Creatures
  A demonic crawler (D)
  A blink frog (D)
  A fire bat (D)
  A warg (D)
  A floating eye (D)
  An ogre (D)
  A quasit (D)
  An iguana (D)
  2 adders (D)
  A gnoll (D)
  A river rat (D)
  An ufetubus (D)
  An orc (D)
  An endoplasm (D)
  A giant cockroach (D)
  A kobold (D)
  A quokka (D)
  A ball python (D)
  2 bats (D)
  A frilled lizard (D)
22 creatures vanquished.

Notes
Turn   | Place    | Note
-------+----------+-------------------------------------------
     0 | D        | rocky1 the Ogre Hunter began the quest for the Orb.
     0 | D        | Reached XP level 1. HP: 22/22 MP: 1/1
    21 | D        | Reached XP level 2. HP: 21/33 MP: 2/2
   124 | D        | Found a bloodstained altar of Trog.
   124 | D        | Found a shimmering blue altar of Sif Muna.
   124 | D        | Found a viscous altar of Jiyva.
   124 | D        | Found a hazy altar of Hepliaklqana.
   124 | D        | Found an opulent altar of Gozag.
   125 | D        | Found a glowing golden altar of the Shining One.
   125 | D        | Found a glowing silver altar of Zin.
   125 | D        | Found a basalt altar of Yredelemnul.
   125 | D        | Found a shimmering altar of Xom.
   125 | D        | Found an ornate altar of the Wu Jian Council.
   125 | D        | Found a sacrificial altar of Ru.
   125 | D        | Found a stormy altar of Qazlal.
   125 | D        | Found an iron altar of Okawaru.
   125 | D        | Found a sparkling altar of Nemelex Xobeh.
   125 | D        | Found a burning altar of Makhleb.
   125 | D        | Found a blossoming altar of Fedhas.
   125 | D        | Found a white marble altar of Elyvilon.
   125 | D        | Found a shadowy altar of Dithmenos.
   125 | D        | Found a snail-covered altar of Cheibriados.
   127 | D        | Found a radiant altar of Vehumet.
   127 | D        | Found a corrupted altar of Lugonu.
   128 | D        | Found a hide-covered altar of Uskayaw.
   128 | D        | Found an ancient bone altar of Kikubaaqudgha.
   128 | D        | Found a broken altar of Ashenzari.
   133 | D        | Became a worshipper of Warmaster Okawaru
   157 | D        | Reached skill level 1 in Invocations
   161 | D        | Reached skill level 5 in Fighting
   161 | D        | Reached skill level 1 in Short Blades
   161 | D        | Reached XP level 3. HP: 14/42 MP: 2/4
   377 | D        | Noticed a floating eye
   381 | D        | Paralysed by a floating eye for 4 turns
   391 | D        | Killed a floating eye
   392 | D        | Reached XP level 4. HP: 49/50 MP: 5/5
   392 | D        | Reached XP level 5. HP: 56/57 MP: 6/6
   474 | D        | Noticed a warg
   491 | D        | Reached skill level 5 in Throwing
   496 | D        | Killed a warg
   496 | D        | Reached * piety under Okawaru
   497 | D        | Reached XP level 6. HP: 18/68 MP: 6/9
   501 | D        | Noticed a fire bat
   699 | D        | Killed a fire bat
   700 | D        | Reached skill level 5 in Dodging
   700 | D        | Reached skill level 5 in Invocations
   700 | D        | Reached XP level 7. HP: 69/80 MP: 9/11
   766 | D        | Noticed a blink frog
   768 | D        | Killed a blink frog
   796 | D        | Reached ** piety under Okawaru
   846 | D        | Noticed a demonic crawler
   846 | D        | Noticed a death yak
   864 | D        | Killed a demonic crawler
   865 | D        | Reached XP level 8. HP: 57/93 MP: 10/13
   875 | D        | Mangled by a death yak

Illustrated notes

Levels and vault maps discovered:
D:        pitsprint [storerooms_1, entrance_room_1, metal_vault_4, armoury_2,
          mini_pit_1, grid_room_1, main_hall_1, silver_pit, the_coven_1,
          the_vestibule_1, steel_vault_4, golden_pit, hallway_of_sentries,
          crystal_vault_2, iron_vault_4, final_vault]

Skill      XL: |  1  2  3  4  5  6  7 |
---------------+----------------------+-----
Fighting       | 4 5 6 8 9 |  9.8
Dodging        | 2 3 4 5 6 |  6.8
Invocations    | 1 4 5 7 |  7.2
Short Blades   | 1 |  1.3
Maces & Flails | 6 7 8 9 |  9.2
Throwing       | 6 8 |  8.1
Stealth        | |  0.6

Action                   |  1- 3 |  4- 6 |  7- 9 || total
-------------------------+-------+-------+-------++-------
Melee: Mace              |    17 |    20 |    31 ||    68
Throw: Large rock        |     1 |    10 |     2 ||    13
Invok: Heroism           |       |       |     1 ||     1
  Use: Potion            |     1 |     2 |     2 ||     5
 Stab: Sleeping          |       |       |     1 ||     1
Armor: Robe              |    11 |    12 |     3 ||    26
Dodge: Dodged            |    17 |    18 |    17 ||    52

Table legend: (Time is in decaauts)
 A = Elapsed time spent in this place.
 B = Non-inter-level travel time spent in this place.
 C = Inter-level travel time spent in this place.
 D = Time resting spent in this place.
 E = Time spent auto-exploring this place.
 F = Levels seen in this place.
 G = Mean time per level.
                   A        B        C        D        E       F      G
               +--------+--------+--------+--------+--------+-----+--------+
         Total |    888 |    873 |     15 |    531 |      0 |   1 |  888.0 |
       Dungeon |    888 |    873 |     15 |    531 |      0 |   1 |  888.0 |
               +--------+--------+--------+--------+--------+-----+--------+

Top non-repeatable levels by time:
       D: 888 daAuts
